cohdb
Replays
Latest Replays
All Replays
Popular Replays
Top Player Replays
Match Explorer
How It Works
Community
CoH3 Stats
Reddit
Sign in to upload your games and track your stats! →
Sign in with Steam
Match 43995856
Unlisted
Match 43995856
Overview
Messages
Build Orders
End
Panzergrenadier Squad
Selects Panzerjäger Kommand Battlegroup
250 Light Carrier
Panzergrenadier Squad
Selects Mine Fields
Construct Light Support Kompanie
Selects GrB 39 Grenade Launcher Requisition
Panzerjäger Squad
2.5-tonne Medical Truck
Fire Support Elements
Flakvierling Half-track
Veteran Squad Leaders
Tungsten Core Ammunition
Construct Mechanized Kompanie
Selects Defensive Positions
Selects Butterfly Bomb Drop
StuG III D Assault Gun
Pak 38 Mechanized Group
Butterfly Bomb Drop
Marder III Tank Destroyer
Emergency Repair Kits
Butterfly Bomb Drop
2.5-tonne Medical Truck
Panzergrenadier Squad
Panzergrenadier Squad
Construct Panzerarmee Kommand
Selects Crew Shock Tactics
Selects Anti-tank Overwatch
Armored Reserves
Walking Stuka Rocket Launcher
254 Reconnaissance Tractor
Tiger Heavy Tank
2.5-tonne Medical Truck
Advanced Optics
Anti-tank Overwatch
Butterfly Bomb Drop
Panzerpioneer Squad
Vehicle Survival Package
Flakvierling Half-track
18-tonne Recovery Half-track
Anti-tank Overwatch
Anti-tank Overwatch
赏你半斤地瓜烧
我杀你是给足你面子
WeekendWargamer
明月明月
anioki
278283
TAC
清贫入繁华
0
0
Comments
sign in to comment!
No comments posted yet!